 Dungeon Crawl Stone Soup version 0.29-a0-393-g47a863cc1b (webtiles) character file.

Game seed: 3373183127394163196

123 jlumianski the Skirmisher (level 4, -3/37 HPs)
             Began as a Demonspawn Fighter on May 10, 2022.
             Was a Follower of Cheibriados.
             Slain by Grinder (6 damage)
             ... on level 3 of the Dungeon.
             The game lasted 00:10:04 (3000 turns).

jlumianski the Skirmisher (Demonspawn Fighter)      Turns: 3000, Time: 00:10:06

Health: -3/37      AC:  8    Str: 26    XL:     4   Next: 80%
Magic:  2/5        EV: 11    Int: 12    God:    Cheibriados [*.....]
Gold:   189        SH:  5    Dex: 15    Spells: 1/4 levels left

rFire   . . .      SeeInvis +   a - +1 war axe
rCold   . . .      Faith    .   c - +0 buckler
rNeg    . . .      Spirit   .   b - +0 scale mail
rPois   .          Reflect  .   (no helmet)
rElec   .          Harm     .   (no cloak)
rCorr   .          Rampage  .   g - +0 pair of gloves
Will    .....                   (no boots)
Stlth   ..........              (no amulet)
HPRegen 0.12/turn               n - ring of Creativity {Str+4 SInv}
MPRegen 0.09/turn               (no ring)

@: very slow
A: repulsion field 1, demonic magic 1
a: Renounce Religion, Bend Time


You were on level 3 of the Dungeon.
You worshipped Cheibriados.
Cheibriados was aware of your devotion.
You visited 1 branch of the dungeon, and saw 3 of its levels.

You collected 212 gold pieces.
You spent 23 gold pieces at shops.

Inventory:

Hand Weapons
 a - a +1 war axe (weapon)
 p - a +2 mace of protection
Missiles
 h - 99 stones (quivered)
 l - 4 poisoned darts
 m - 3 atropa-tipped darts
 t - 2 boomerangs
Armour
 b - a +0 scale mail (worn)
 c - a +0 buckler (worn)
 g - a +0 pair of gloves (worn)
Jewellery
 n - the ring of Creativity (left hand) {Str+4 SInv}
   (You found it on level 2 of the Dungeon)

   [ring of see invisible]

   Str:       It affects your strength (+4).
   SInv:      It lets you see invisible.
Wands
 o - a wand of mindburst (4)
Scrolls
 j - a scroll of enchant weapon
 k - 2 scrolls of fear
 r - a scroll of identify
 s - a scroll of poison {unknown}
Potions
 d - a potion of might
 e - a potion of ambrosia
 f - a potion of mutation
 i - 2 potions of attraction {unknown}
 q - a potion of heal wounds {unknown}


   Skills:
 + Level 3.7 Fighting
 + Level 2.6 Axes
 + Level 3.4 Armour
 + Level 0.4 Dodging
 + Level 0.3 Stealth
 + Level 2.8 Shields
 * Level 0.9 Spellcasting
 * Level 0.5 Ice Magic
 * Level 1.2 Invocations


You had one spell level left.
You knew the following spells:

 Your Spells              Type           Power      Damage    Failure   Level
a - Frozen Ramparts       Ice            2%         1d2       91%         3

Your spell library contained the following spells:

 Spells                   Type           Power      Damage    Failure   Level
 Beastly Appendage        Tmut           0%         N/A       67%         1
 Wereblood                Tmut           0%         N/A       80%         2
 Spider Form              Tmut/Pois      0%         N/A       95%         3
 Ice Form                 Ice/Tmut       1%         N/A       100%        4
 Summon Ice Beast         Ice/Summ       1%         N/A       100%        4


Dungeon Overview and Level Annotations

Branches:
Dungeon (3/15)

Altars:
Cheibriados

Shops:
D:1 =*?

Annotations:
D:3 Grinder


Innate Abilities, Weirdness & Mutations

You are surrounded by a mild repulsion field. (EV +2)
Spells you cast may paralyse adjacent enemies.


Message History

t - 2 boomerangs An orc comes into view.
It is wielding a +0 mace.
You now have 189 gold pieces (gained 16).
Found a blue potion.
Grinder comes into view.
Grinder shouts!
You block Grinder's attack. Grinder closely misses you.
Grinder attacks as you move away! You block Grinder's attack.
Grinder blinks!
You see here a blue potion.
i - 2 blue potions (gained 1)
You slash Grinder!
Grinder is moderately wounded.
Grinder blinks!
You block Grinder's attack. Grinder closely misses you.
You slash Grinder!
Grinder is heavily wounded.
Grinder gestures at you.
You barely resist. You slash Grinder!
Grinder is almost dead.
Grinder hits you but does no damage.
You closely miss Grinder.
Grinder is almost dead.
Grinder gestures at you.
You barely resist. Grinder hits you but does no damage.
You hit Grinder.
Grinder is almost dead.
Grinder gestures at you. Pain shoots through your body!
The flow of time bends around you.
Grinder resists with some effort.
Cheibriados lowers the support of your attributes as your movement quickens.
Grinder hits you but does no damage.
You closely miss Grinder.
Grinder is almost dead.
Grinder hits you!
* * * LOW HITPOINT WARNING * * *
Grinder hits you.
* * * LOW HITPOINT WARNING * * *
You writhe in agony.
You die...

...####.###.......#
..#. ##..#.......#
.....#####.#...≈)..#
....o...)..#≈≈≈≈≈≈.#
.###.#####.#≈≈≈g≈≈≈# #
##....####'#### #.....#
#># #
#.....##########.#
####.#..#.>.....@5....#
........##....##.######
..##.##.#####.##.# ...
#.#####.##.# ..##
#..........# .
#######.#### ...# #####


You could see Grinder.

Vanquished Creatures
  Jessica (D:2)
  An adder (D:2)
  A worm (D:2)
  A dart slug (D:2)
  6 orcs (D:3)
  7 ball pythons
  5 endoplasms
  3 giant cockroaches
  10 goblins
  7 hobgoblins
  3 jackals (D:2)
  7 kobolds
  2 quokkas
  9 bats
  5 frilled lizards
  3 rats
71 creatures vanquished.

Notes
Turn   | Place    | Note
-------+----------+-------------------------------------------
     0 | D:1      | jlumianski the Demonspawn Fighter began the quest for the
                  | Orb.
     0 | D:1      | Reached XP level 1. HP: 18/18 MP: 1/1
   219 | D:1      | Found Tyrud's Magic Scroll Emporium.
   520 | D:1      | Gained mutation: You are surrounded by a mild repulsion
                  | field. (EV +2) [demonic ancestry]
   520 | D:1      | Reached XP level 2. HP: 21/24 MP: 2/2
   693 | D:1      | Found Ennihuce's Assorted Antiques.
   720 | D:1      | Bought a scroll labelled POXZICREIDIM for 23 gold pieces
  1049 | D:1      | Found Didutwuf's Jewellery Shoppe.
  1265 | D:2      | Found a snail-covered altar of Cheibriados.
  1277 | D:2      | Became a worshipper of Cheibriados the Contemplative
  1288 | D:2      | Reached XP level 3. HP: 29/29 MP: 3/3
  1794 | D:2      | Reached * piety under Cheibriados
  2087 | D:2      | Identified the ring of Creativity {Str+4 SInv}
  2437 | D:2      | Gained mutation: Spells you cast may paralyse adjacent
                  | enemies. [demonic ancestry]
  2437 | D:2      | Reached XP level 4. HP: 34/35 MP: 4/4
  2469 | D:2      | Learned a level 3 spell: Frozen Ramparts
  2596 | D:3      | Noticed Jessica
  2600 | D:2      | Killed Jessica
  2923 | D:3      | Reached skill level 1 in Invocations
  2935 | D:3      | Reached ** piety under Cheibriados
  2985 | D:3      | Noticed Grinder
  3000 | D:3      | Slain by Grinder

Illustrated notes

Levels and vault maps discovered:
D:1:      evilmike_arrival_hilbert_curve, layout_loops_ring, serial_shops, shop,
          nicolae_shop_stone, nicolae_square_shop
D:2:      layout_basic, basic_altar, minmay_quantized
D:3:      layout_loops_ring, serial_shops, nicolae_shop_bloodbath_and_beyond,
          chequers_serial_rivers_micro_b, minmay_misc_feat_square,
          minmay_goblin_outpost, uniq_jessica, uniq_grinder, uniq_sigmund

Skill      XL: |  1  2  3  4 |
---------------+-------------+-----
Armour         | 3 |  3.4
Axes           | 2 |  2.6
Invocations    | 1 |  1.2
Fighting       | |  3.7
Dodging        | |  0.4
Stealth        | |  0.3
Shields        | |  2.8
Spellcasting   | |  0.9
Ice Magic      | |  0.5

Action                   |  1- 3 |  4- 6 || total
-------------------------+-------+-------++-------
Melee: War axe           |   135 |    59 ||   194
Invok: Bend Time         |       |     2 ||     2
  Use: Scroll            |     4 |     2 ||     6
       Potion            |       |     1 ||     1
Armor: Scale mail        |    80 |    19 ||    99
Dodge: Dodged            |    89 |    36 ||   125
Block: Buckler           |    34 |    11 ||    45

Table legend: (Time is in decaauts)
 A = Elapsed time spent in this place.
 B = Non-inter-level travel time spent in this place.
 C = Inter-level travel time spent in this place.
 D = Time resting spent in this place.
 E = Time spent auto-exploring this place.
 F = Levels seen in this place.
 G = Mean time per level.
                   A        B        C        D        E       F      G
               +--------+--------+--------+--------+--------+-----+--------+
         Total |   3491 |   3443 |     48 |      0 |   2441 |   3 | 1163.7 |
       Dungeon |   3491 |   3443 |     48 |      0 |   2441 |   3 | 1163.7 |
               +--------+--------+--------+--------+--------+-----+--------+

Top non-repeatable levels by time:
     D:2: 1745 daAuts
     D:1: 1271 daAuts
     D:3: 474 daAuts
